 Dungeon Crawl Stone Soup version 0.31.0-11-ge490571c62 (webtiles) character file.

Game seed: 7117247580711213091

1250 browni3141 the Chopper (level 8, -2/71 HPs)
             Began as a Minotaur Fighter on Jan 29, 2024.
             Was a Believer of Okawaru.
             Incinerated by a bombardier beetle (4 damage)
             ... with a burning spray
             ... on level 5 of the Dungeon.
             The game lasted 00:01:54 (3274 turns).

browni3141 the Chopper (Minotaur Fighter)           Turns: 3274, Time: 00:01:54

Health: -2/71      AC: 11    Str: 22    XL:     8   Next: 26%
Magic:  7/7        EV: 13    Int:  5    God:    Okawaru [**....]
Gold:   243        SH:  5    Dex: 11    Spells: 7/7 levels left

rFire   . . .        a - +0 war axe
rCold   . . .        c - +0 buckler
rNeg    . . .        i - +0 chain mail
rPois   .            (helmet restricted)
rElec   .            (no cloak)
rCorr   .            j - +0 pair of gloves
SInv    .            (no boots)
Will    .....        q - amulet of faith Stlth
                     n - +5 ring of evasion
HPRegen 0.31/turn    (no ring)
MPRegen 0.10/turn

%: faith
@: on fire, marked, glowing
A: horns 2, retaliatory headbutt
a: Renounce Religion, Heroism


You were on level 5 of the Dungeon.
You worshipped Okawaru.
Okawaru was pleased with you.
You visited 1 branch of the dungeon, and saw 5 of its levels.

You collected 243 gold pieces.

Inventory:

Hand Weapons
 a - a +0 war axe (weapon)
Armour
 b - a +0 scale mail
 c - a +0 buckler (worn)
 i - a +0 chain mail (worn)
 j - a +0 pair of gloves (worn)
Jewellery
 n - a +5 ring of evasion (left hand)
 q - an amulet of faith (around neck)
Scrolls
 e - 4 scrolls of identify {unknown}
 f - a scroll of poison {unknown}
 g - a scroll of amnesia {unknown}
 h - a scroll of butterflies {unknown}
 l - a scroll of revelation {unknown}
 o - a scroll of brand weapon {unknown}
 p - 3 scrolls of noise {unknown}
 s - a scroll of blinking {unknown}
 t - a scroll of teleportation {unknown}
Potions
 d - 2 potions of might
 k - 3 potions of heal wounds {unknown}
 m - 2 potions of mutation {unknown}
 r - a potion of resistance {unknown}
 u - a potion of berserk rage {unknown}


   Skills:
 + Level 6.5 Fighting
 * Level 7.9 Axes
 + Level 6.4 Armour
 + Level 6.4 Shields


You had 7 spell levels left.
You didn't know any spells.
Your spell library contained the following spells:

 Spells                   Type           Power      Damage    Failure   Level
 Apportation              Tloc           0%         N/A       98%         1
 Necrotise                Necr           0%         1d4       98%         1
 Sting                    Conj/Alch      0%         1d3       98%         1
 Mercury Vapours          Alch/Air       0%         N/A       99%         2
 Scorch                   Fire           0%         2d5       99%         2
 Flame Wave               Conj/Fire      0%         2d4       100%        4
 Olgreb's Toxic Radiance  Alch           0%         N/A       100%        4
 Conjure Ball Lightning   Conj/Air       0%         3x3d6     100%        6
 Discord                  Hex            0%         N/A       100%        8
 Disjunction              Tloc           0%         N/A       100%        8
 Summon Small Mammal      Summ           Unusable   N/A       N/A         1
 Summon Cactus Giant      Summ           Unusable   N/A       N/A         6

Dungeon Overview and Level Annotations

Branches:
Dungeon (5/15)
 Temple: D:4-7

Altars:
Fedhas
Kikubaaqudgha
Makhleb
Okawaru
Uskayaw
The Shining One

Shops:
D:3 :


Innate Abilities, Weirdness & Mutations

You have a pair of horns on your head.
You reflexively headbutt those who attack you in melee.


Message History

You completely miss the gnoll.
The gnoll is moderately wounded.
You completely miss the gnoll. You block the gnoll's attack.
The gnoll completely misses you.
The gnoll sergeant hits you but does no damage.
There are monsters nearby!
You slash the gnoll!
The gnoll is severely wounded.
You barely miss the gnoll. x2; The gnoll hits you with a +0 flail.
The gnoll hits you with a +0 spear. The gnoll hits you but does no damage.
The gnoll sergeant hits you from afar with a +0 spear of freezing.
The gnoll sergeant freezes you.
You slash the gnoll! You headbutt the gnoll.
You kill the gnoll!
Okawaru accepts your kill.
You hit the gnoll but do no damage. You slash the gnoll!
You kill the gnoll!
Okawaru accepts your kill. You block the gnoll's attack.
The gnoll sergeant hits you from afar with a +0 spear of freezing.
The gnoll sergeant freezes you.
You hit the gnoll but do no damage.
The gnoll is severely wounded.
The gnoll barely misses you.
The gnoll sergeant hits you from afar with a +0 spear of freezing.
The gnoll sergeant freezes you. The gnoll hits you with a +0 spear.
The gnoll sergeant hits you with a +0 spear of freezing.
The gnoll sergeant freezes you.
A bombardier beetle comes into view.
Things that are here:
a +0 flail; a gnoll corpse You barely miss the gnoll.
The gnoll is severely wounded.
You hit the gnoll sergeant. The gnoll closely misses you.
The gnoll sergeant closely misses you.
You slash the gnoll!
You kill the gnoll!
Okawaru accepts your kill. The gnoll sergeant blocks your attack.
The gnoll sergeant hits you with a +0 spear of freezing.
The gnoll sergeant freezes you. The gnoll sergeant misses you.
The gnoll sergeant blocks your attack.
The gnoll sergeant is lightly wounded.
You barely miss the bombardier beetle.
The bombardier beetle sprays incendiary fluid at you.
You block the burning spray. The gnoll sergeant closely misses you.
You barely miss the gnoll sergeant.
The gnoll sergeant is lightly wounded.
You hit the bombardier beetle but do no damage.
The gnoll sergeant closely misses you.
The bombardier beetle bites you but does no damage.
You hit the gnoll sergeant but do no damage.
Your headbutt misses the gnoll sergeant.
The gnoll sergeant is lightly wounded.
You barely miss the bombardier beetle.
The gnoll sergeant hits you with a +0 spear of freezing!
The gnoll sergeant freezes you. The gnoll sergeant blocks your attack.
The gnoll sergeant is lightly wounded.
You hit the bombardier beetle. The gnoll sergeant closely misses you.
You furiously retaliate!
You headbutt the gnoll sergeant!
You block the bombardier beetle's attack.
You slash the gnoll sergeant!
The gnoll sergeant is severely wounded.
You barely miss the bombardier beetle. The gnoll sergeant misses you.
The bombardier beetle barely misses you.
You hit the gnoll sergeant but do no damage.
The gnoll sergeant blocks your attack.
The gnoll sergeant is severely wounded.
You hit the bombardier beetle.
The gnoll sergeant hits you but does no damage.
You barely miss the gnoll sergeant. You headbutt the gnoll sergeant.
The gnoll sergeant is severely wounded.
You slash the bombardier beetle!
The gnoll sergeant hits you with a +0 spear of freezing!
The gnoll sergeant freezes you.
The bombardier beetle bites you but does no damage.
The gnoll sergeant hits you with a +0 spear of freezing!
The gnoll sergeant freezes you.
You slash the gnoll sergeant!
You kill the gnoll sergeant!
Okawaru accepts your kill.
You hit the bombardier beetle.
The bombardier beetle sprays incendiary fluid at you.
The burning spray hits you.
You are covered in liquid fire!
You are too injured to fight recklessly!
You are too injured to fight recklessly!
You are too injured to fight recklessly!
You are too injured to fight recklessly!
You are too injured to fight recklessly!
You slash the bombardier beetle!
You kill the bombardier beetle!
Okawaru accepts your kill. The liquid fire burns you!
An adder comes into view.
You shake off some of the fire as you move.
The liquid fire burns you!
You die...

..)....# #.# ..#.######.#
...........# #
.##.######## .# .##.....#
#.# .######.### ..#
..........# S.#
#######.#.#########..####
#.#.##....@))......
#.#.##.##..)..≈≈≈≈≈
#....#.##.###...≈≈≈
#.>....##.# 8....
##...####.# .≈≈≈ ##.##
#.# ≈≈≈ #.#####.# ..
#.......# . #########


There were no monsters in sight!

Vanquished Creatures
  Sigmund (D:4)
  A phantom (D:5)
  A gnoll sergeant (D:5)
  3 scorpions (D:5)
  A necrophage (D:4)
  A water moccasin zombie (D:4)
  2 howler monkeys (D:5)
  4 centaur zombies (D:4)
  A human zombie (D:4)
  An orc priest (D:3)
  2 bombardier beetles (D:5)
  An iguana (D:3)
  2 scorpion zombies (D:4)
  An orc wizard (D:4)
  3 gnolls (D:5)
  10 adders
  2 shadow imps (D:4)
  An adder skeleton (D:4)
  A dart slug (D:2)
  A ribbon worm (D:3)
  5 orcs
  7 bats
  10 endoplasms
  A giant cockroach (D:2)
  9 hobgoblins
  4 jackals (D:1)
  4 quokkas
  8 ball pythons
  7 frilled lizards
  6 goblins
  5 kobolds
  13 rats
119 creatures vanquished.

Notes
Turn   | Place    | Note
-------+----------+-------------------------------------------
     0 | D:1      | browni3141 the Minotaur Fighter began the quest for the
                  | Orb.
     0 | D:1      | Reached XP level 1. HP: 19/19 MP: 0/0
   194 | D:1      | Reached XP level 2. HP: 27/27 MP: 1/1
   269 | D:1      | Reached skill level 3 in Axes
   464 | D:1      | Reached XP level 3. HP: 33/33 MP: 2/2
  1128 | D:2      | Reached XP level 4. HP: 40/40 MP: 3/3
  1577 | D:3      | Reached skill level 4 in Axes
  1683 | D:3      | Found a blossoming altar of Fedhas.
  1703 | D:3      | Found Fehijeuc's Book Emporium.
  1705 | D:3      | Found a hide-covered altar of Uskayaw.
  1766 | D:3      | Reached XP level 5. HP: 47/47 MP: 4/4
  2123 | D:3      | Found a faded altar of an unknown god.
  2166 | D:4      | Reached skill level 5 in Axes
  2215 | D:4      | Found a burning altar of Makhleb.
  2271 | D:4      | Found a glowing golden altar of the Shining One.
  2402 | D:4      | Noticed Sigmund
  2410 | D:4      | Killed Sigmund
  2411 | D:4      | Reached skill level 5 in Fighting
  2411 | D:4      | Reached skill level 5 in Armour
  2411 | D:4      | Reached skill level 5 in Shields
  2411 | D:4      | Reached XP level 6. HP: 53/56 MP: 5/5
  2447 | D:4      | Found an iron altar of Okawaru.
  2507 | D:4      | Became a worshipper of Warmaster Okawaru
  2755 | D:4      | Reached skill level 6 in Axes
  2787 | D:4      | Found an ancient bone altar of Kikubaaqudgha.
  2812 | D:4      | Reached XP level 7. HP: 58/61 MP: 6/6
  2831 | D:4      | Reached * piety under Okawaru
  2919 | D:5      | Entered Level 5 of the Dungeon
  2971 | D:5      | Reached skill level 7 in Axes
  3195 | D:5      | Reached ** piety under Okawaru
  3196 | D:5      | Reached XP level 8. HP: 64/70 MP: 7/7
  3273 | D:5      | HP: 1/71 [burnt (5)]
  3274 | D:5      | Incinerated by a bombardier beetle

Illustrated notes

Levels and vault maps discovered:
D:1:      nzn_arrival_settlement, layout_basic, kennysheep_minor_cross
D:2:      layout_basic
D:3:      layout_rooms, mainiacjoe_overflow_tiny_flanked,
          mainiacjoe_overflow_alcove_1, serial_shops, nicolae_shop_tiny_glass,
          shapermc_ecumenical_altar_mp_urbaneastern, chequers_jeans
D:4:      layout_basic, lemuel_mausoleum_altar_kikubaaqudgha,
          lemuel_doored_altar, okawaru_ov_weapons_minmay, tso_metal_star,
          uniq_sigmund
D:5:      layout_loops_ring, mainiacjoe_overflow_catwalk

Skill      XL: |  1  2  3  4  5  6  7 |
---------------+----------------------+-----
Axes           | 3 4 5 6 7 |  7.9
Shields        | 4 5 6 |  6.4
Armour         | 4 5 6 |  6.4
Fighting       | 4 5 6 |  6.5

Action                     |  1- 3 |  4- 6 |  7- 9 || total
---------------------------+-------+-------+-------++-------
  Melee: War axe           |   102 |    97 |    70 ||   269
         Headbutt          |    10 |    10 |    10 ||    30
 Armour: Scale mail        |    46 |       |       ||    46
         Chain mail        |    22 |    67 |    59 ||   148
  Dodge: Dodged            |    47 |    73 |    44 ||   164
  Block: Buckler           |    44 |    22 |    19 ||    85
